[Event "EYCC Open-U12 2019"]
[Site "Bratislava"]
[Date "2019.08.04"]
[Round "3.14"]
[White "Konyves, Almos"]
[Black "von Mettenheim, Johannes"]
[Result "0-1"]
[ECO "B13"]
[WhiteElo "2104"]
[BlackElo "1809"]
[Annotator "NA"]
[PlyCount "86"]
[EventDate "2019.08.02"]
[EventType "swiss"]
[EventCountry "SVK"]
[SourceTitle "playchess.com"]
[Source "ChessBase"]
[SourceQuality "1"]
[TimeControl "40/5400+30:1800+30"]

1. e4 c6 2. d4 d5 3. exd5 cxd5 4. Bd3 Nc6 5. c3 Nf6 6. Bf4 g6 7. Nd2 Bg7 8. Ngf3 O-O 9. O-O Nh5 10. Be3 Qc7 11. Qb3 Rd8 12. Rfe1 Nf4 13. Bf1 Rb8 14. Rac1 Ne6 15. g3 b6 16. Bg2 Na5 17. Qd1 Ba6 18. Ng5 Nxg5 19. Bxg5 f6 20. Bf4 e5 21. dxe5 fxe5 22. Bg5 Rd7 23. Bh3 Rd6 24. Nf3 h6 25. Bd2 Nc4 26. b3 Nb2 27. Qc2 Nd3 28. Nh4 Qf7 29. f4 Nxe1 30. Rxe1 e4 31. Be3 Bd3 32. Qd2 Rc6 33. Rc1 Qc7 34. Bg4 Bxc3 35. Rxc3 Rxc3 36. Be6+ Kh7 37. f5 g5 38. Bxg5 Qc5+ 39. Be3 d4 40. f6 dxe3 41. Qe1 Rc1 42. Bf5+ Qxf5 43. Qxc1 Qf2+ 0-1

[Event "EYCC Open-U12 2019"]
[Site "Bratislava"]
[Date "2019.08.04"]
[Round "3.15"]
[White "Rotunno, Flavio"]
[Black "Lystsov, Leonid"]
[Result "0-1"]
[ECO "E91"]
[WhiteElo "1819"]
[BlackElo "2086"]
[Annotator "NA"]
[PlyCount "98"]
[EventDate "2019.08.02"]
[EventType "swiss"]
[EventCountry "SVK"]
[SourceTitle "playchess.com"]
[Source "ChessBase"]
[SourceQuality "1"]
[TimeControl "40/5400+30:1800+30"]

1. d4 g6 2. Nf3 Bg7 3. c4 d6 4. Nc3 Nf6 5. e4 O-O 6. Be2 Na6 7. O-O e5 8. Be3 Qe8 9. d5 Ng4 10. Bc1 Bh6 11. Nxe5 Nxf2 12. Rxf2 Bxc1 13. Rxc1 Qxe5 14. Qd2 Bd7 15. Rcf1 Nc5 16. Qf4 Rae8 17. Qxe5 Rxe5 18. Bf3 a5 19. b3 Kg7 20. Rb1 g5 21. g3 b6 22. a3 f5 23. Re2 fxe4 24. Bxe4 Nxe4 25. Nxe4 Rfe8 26. Rbe1 Bg4 27. Re3 Bf5 28. Nxd6 cxd6 29. Rxe5 Rxe5 30. Rxe5 dxe5 31. Kf2 Kf6 32. b4 axb4 33. axb4 Bd3 34. c5 bxc5 35. bxc5 Be4 36. d6 Bc6 37. d7 Bxd7 38. Ke3 g4 39. Kd3 Kf5 40. Ke3 e4 41. Kd4 Bc6 42. Ke3 Ke5 43. Ke2 Kd4 44. Kf2 e3+ 45. Ke2 Bf3+ 46. Ke1 Kd3 47. Kf1 Kd2 48. h4 e2+ 49. Kg1 e1=Q+ 0-1

[Event "EYCC Open-U12 2019"]
[Site "Bratislava"]
[Date "2019.08.04"]
[Round "3.16"]
[White "Saveljev, Ivan"]
[Black "Makridis, Dimitrios"]
[Result "0-1"]
[ECO "B29"]
[WhiteElo "2040"]
[BlackElo "1798"]
[Annotator "NA"]
[PlyCount "70"]
[EventDate "2019.08.02"]
[EventType "swiss"]
[EventCountry "SVK"]
[SourceTitle "playchess.com"]
[Source "ChessBase"]
[SourceQuality "1"]
[TimeControl "40/5400+30:1800+30"]

1. e4 c5 2. Nf3 Nf6 3. e5 Nd5 4. Nc3 e6 5. b3 Nxc3 6. dxc3 d5 7. Bd3 Nc6 8. Qe2 Be7 9. Bd2 Qc7 10. c4 dxc4 11. Bxc4 b6 12. Rd1 Bb7 13. Bc3 O-O 14. h4 Rfd8 15. Bd3 Nb4 16. Bxb4 cxb4 17. Rh3 Bxf3 18. gxf3 Rd5 19. f4 Rad8 20. h5 Rd4 21. Qf3 f6 22. Rg3 f5 23. Ke2 Bf8 24. Rdg1 Kh8 25. Rg5 Qc3 26. R5g3 Qb2 27. Qc6 Rxf4 28. Qxe6 Rxd3 29. Rxd3 Qxc2+ 30. Rd2 Re4+ 31. Kf1 Qxd2 32. Qe8 Qe2+ 33. Kg2 Rg4+ 34. Kh3 Qf3+ 35. Rg3 Qh1# 0-1

[Event "EYCC Open-U12 2019"]
[Site "Bratislava"]
[Date "2019.08.04"]
[Round "3.17"]
[White "Maurizzi, Marc Andria"]
[Black "Wahlgreen, Noah"]
[Result "1-0"]
[ECO "B12"]
[WhiteElo "2412"]
[BlackElo "1743"]
[Annotator "NA"]
[PlyCount "75"]
[EventDate "2019.08.02"]
[EventType "swiss"]
[EventCountry "SVK"]
[SourceTitle "playchess.com"]
[Source "ChessBase"]
[SourceQuality "1"]
[TimeControl "40/5400+30:1800+30"]

1. e4 c6 2. d4 d5 3. e5 Bf5 4. h4 h5 5. Bd3 Bxd3 6. Qxd3 Qa5+ 7. Nd2 Qa6 8. e6 Qxd3 9. exf7+ Kxf7 10. cxd3 Na6 11. Ngf3 g6 12. Ne5+ Kg7 13. Rh3 Rd8 14. Ndf3 Rd6 15. Ng5 Nh6 16. Bf4 Rf6 17. Nd7 Rxf4 18. Ne6+ Kh7 19. Nxf4 Nf5 20. Nxf8+ Rxf8 21. Ne6 Rf6 22. Ng5+ Kg7 23. Nf3 Nc7 24. Kd2 Nb5 25. Re1 Kf8 26. Ne5 Ke8 27. f3 Nbxd4 28. g4 Ng7 29. Rg3 Re6 30. Kd1 hxg4 31. fxg4 Rf6 32. Rg2 Kd8 33. Rh2 Ke8 34. h5 gxh5 35. gxh5 Ngf5 36. Ng4 Rf8 37. Rh3 Rg8 38. Nf6+ 1-0

[Event "EYCC Open-U12 2019"]
[Site "Bratislava"]
[Date "2019.08.04"]
[Round "3.18"]
[White "Costa, Leonardo"]
[Black "Pingin, Artem"]
[Result "1-0"]
[ECO "B93"]
[WhiteElo "2002"]
[BlackElo "2155"]
[Annotator "NA"]
[PlyCount "95"]
[EventDate "2019.08.02"]
[EventType "swiss"]
[EventCountry "SVK"]
[SourceTitle "playchess.com"]
[Source "ChessBase"]
[SourceQuality "1"]
[TimeControl "40/5400+30:1800+30"]

1. e4 c5 2. Nf3 d6 3. d4 cxd4 4. Nxd4 Nf6 5. Nc3 a6 6. f4 e5 7. Nf3 Qc7 8. Bd3 Be7 9. O-O O-O 10. Kh1 b5 11. a3 Bb7 12. Qe2 Nbd7 13. Bd2 Rfe8 14. Rae1 Bf8 15. Qf2 Rac8 16. Qh4 h6 17. Qf2 Bc6 18. fxe5 dxe5 19. Nh4 g6 20. Qg3 Bg7 21. Rf3 Qd6 22. Ref1 Rf8 23. Bxh6 Ne8 24. Bxg7 Nxg7 25. Qg4 Qe6 26. Qg5 a5 27. h3 Nc5 28. Rg3 Nxd3 29. cxd3 b4 30. axb4 axb4 31. Nd1 Be8 32. Rf6 Qb3 33. Ne3 Qxd3 34. Rf1 Nh5 35. Qxh5 Qxe3 36. Nxg6 fxg6 37. Rxf8+ Kxf8 38. Qh8+ Ke7 39. Rxe3 Ke6 40. Rf3 Rc1+ 41. Kh2 Kd6 42. Qxe8 b3 43. Rd3+ Kc5 44. Qc8+ Kb4 45. Qxc1 g5 46. Qc3+ Ka4 47. Qxb3+ Ka5 48. Rd4 1-0

[Event "EYCC Open-U12 2019"]
[Site "Bratislava"]
[Date "2019.08.04"]
[Round "3.19"]
[White "Ristic, Luka"]
[Black "Georgiev, Konstantin"]
[Result "1-0"]
[ECO "B33"]
[WhiteElo "2113"]
[BlackElo "1919"]
[Annotator "NA"]
[PlyCount "136"]
[EventDate "2019.08.02"]
[EventType "swiss"]
[EventCountry "SVK"]
[SourceTitle "playchess.com"]
[Source "ChessBase"]
[SourceQuality "1"]
[TimeControl "40/5400+30:1800+30"]

1. e4 c5 2. Nf3 Nc6 3. d4 cxd4 4. Nxd4 Nf6 5. Nc3 e6 6. Ndb5 Bb4 7. a3 Bxc3+ 8. Nxc3 d5 9. exd5 exd5 10. Bd3 O-O 11. O-O d4 12. Ne2 Re8 13. b4 Bg4 14. f3 Bh5 15. Nf4 Bg6 16. Nxg6 hxg6 17. f4 Nd5 18. b5 Nce7 19. Qg4 Ne3 20. Bxe3 dxe3 21. Rae1 Qd4 22. Rf3 Nd5 23. Qh4 Rac8 24. Rh3 f5 25. Rf3 Rc3 26. Qg5 Kf7 27. h4 Nf6 28. h5 gxh5 29. Qxf5 Rc5 30. Qg6+ Kf8 31. Kh1 Ng4 32. Qh7 Re6 33. Qh8+ Kf7 34. f5 Rh6 35. Qb8 Nf2+ 36. Kg1 Nxd3 37. Qxb7+ Kg8 38. cxd3 e2+ 39. Rf2 Rf6 40. Qa8+ Kh7 41. Qe4 Qd7 42. Qxe2 Rcxf5 43. Qe4 Qxb5 44. a4 Qb6 45. d4 g6 46. Rxf5 Rxf5 47. Rc1 Qd6 48. Rf1 Rg5 49. Rf7+ Kh6 50. Rxa7 Qg3 51. Re7 Ra5 52. d5 Qg5 53. Re5 Qg3 54. Re6 Rc5 55. Rxg6+ Qxg6 56. Qe3+ Kh7 57. Qxc5 Qb1+ 58. Kh2 Kg6 59. d6 Qe1 60. Qd4 h4 61. Qf4 Qd1 62. Qxh4 Kf7 63. Qe7+ Kg6 64. d7 Qh5+ 65. Kg3 Kf5 66. Qc5+ Kf6 67. Qxh5 Ke6 68. Qe8+ Kd5 1-0

[Event "EYCC Open-U12 2019"]
[Site "Bratislava"]
[Date "2019.08.04"]
[Round "3.20"]
[White "Vagman, Roy"]
[Black "Palczert, Matyas"]
[Result "1-0"]
[ECO "B23"]
[WhiteElo "1941"]
[BlackElo "2065"]
[Annotator "NA"]
[PlyCount "113"]
[EventDate "2019.08.02"]
[EventType "swiss"]
[EventCountry "SVK"]
[SourceTitle "playchess.com"]
[Source "ChessBase"]
[SourceQuality "1"]
[TimeControl "40/5400+30:1800+30"]

1. e4 c5 2. Nc3 Nc6 3. Nge2 Nd4 4. d3 g6 5. Nxd4 cxd4 6. Ne2 Bg7 7. c3 dxc3 8. Nxc3 e6 9. d4 d6 10. Be3 Ne7 11. Qd2 O-O 12. h4 d5 13. e5 Nf5 14. g4 Nxe3 15. Qxe3 f6 16. f4 fxe5 17. fxe5 Qe8 18. h5 Qf7 19. h6 Bh8 20. Bh3 Bd7 21. Rf1 Qe7 22. Rxf8+ Rxf8 23. g5 b5 24. a3 a5 25. Rc1 b4 26. Ne2 bxa3 27. bxa3 Rb8 28. Kf2 a4 29. Rc3 Bb5 30. Nf4 Bd7 31. Qg3 Rb2+ 32. Ne2 Qf8+ 33. Rf3 Qe7 34. Qf4 Ra2 35. Qc1 Qd8 36. Qb1 Rd2 37. Qb4 Rc2 38. Qxa4 Qc8 39. Qb4 Qe8 40. Rc3 Ra2 41. Qb3 Ra1 42. Nc1 Qf8+ 43. Kg2 Qd8 44. Kh2 Qf8 45. Kg3 Qd8 46. Kf2 Qf8+ 47. Ke2 Qe8 48. Qb2 Bb5+ 49. Kd2 Qf7 50. Rc8+ Be8 51. Rxe8+ Qxe8 52. Qxa1 Qe7 53. Qc3 Qxg5+ 54. Kc2 Qxh6 55. Bxe6+ Kf8 56. Qc8+ Kg7 57. Qg8# 1-0

[Event "EYCC Open-U12 2019"]
[Site "Bratislava"]
[Date "2019.08.04"]
[Round "3.21"]
[White "Foerster-Yialamas, Lucas"]
[Black "Valiyev, Shahin"]
[Result "1-0"]
[ECO "B90"]
[WhiteElo "2028"]
[BlackElo "1830"]
[Annotator "NA"]
[PlyCount "59"]
[EventDate "2019.08.02"]
[EventType "swiss"]
[EventCountry "SVK"]
[SourceTitle "playchess.com"]
[Source "ChessBase"]
[SourceQuality "1"]
[TimeControl "40/5400+30:1800+30"]

1. e4 c5 2. Nf3 d6 3. d4 cxd4 4. Nxd4 Nf6 5. Nc3 a6 6. f3 e6 7. Be3 b5 8. Qd2 Nbd7 9. a4 b4 10. Nd1 a5 11. Bb5 Bb7 12. Nf2 h5 13. Rd1 Rc8 14. Nh3 Qc7 15. Rc1 d5 16. exd5 Nxd5 17. Ng5 Bc5 18. Ne4 Be7 19. Bf2 h4 20. O-O O-O 21. c4 N5f6 22. Nxf6+ Bxf6 23. Nxe6 fxe6 24. Qxd7 Rf7 25. Qxe6 Qb8 26. Rfe1 Kf8 27. Bc5+ Kg8 28. Be8 Rxc5 29. Qxf7+ Kh8 30. Qf8+ 1-0

[Event "EYCC Open-U12 2019"]
[Site "Bratislava"]
[Date "2019.08.04"]
[Round "3.22"]
[White "Janous, Marek"]
[Black "Pavesi, Brando"]
[Result "1/2-1/2"]
[ECO "B13"]
[WhiteElo "1717"]
[BlackElo "2109"]
[Annotator "NA"]
[PlyCount "59"]
[EventDate "2019.08.02"]
[EventType "swiss"]
[EventCountry "SVK"]
[SourceTitle "playchess.com"]
[Source "ChessBase"]
[SourceQuality "1"]
[TimeControl "40/5400+30:1800+30"]

1. e4 c6 2. d4 d5 3. exd5 cxd5 4. c4 Nf6 5. Nc3 Nc6 6. Nf3 Bg4 7. cxd5 Nxd5 8. Qb3 Bxf3 9. gxf3 e6 10. Qxb7 Nxd4 11. Bb5+ Nxb5 12. Qc6+ Ke7 13. Qc5+ Qd6 14. Nxd5+ exd5 15. Qxb5 Rb8 16. Qd3 f6 17. O-O Kf7 18. Rd1 Rd8 19. Be3 Rd7 20. Rac1 Qe6 21. Bf4 Qb6 22. Qf5 Qe6 23. Qxe6+ Kxe6 24. Rc6+ Kf5 25. Be3 Be7 26. Ra6 Kg6 27. Kg2 Rc8 28. Ra5 Rcd8 29. Bd4 Ra8 30. Ra6 1/2-1/2

[Event "EYCC Open-U12 2019"]
[Site "Bratislava"]
[Date "2019.08.04"]
[Round "3.23"]
[White "Bialiauski, Artsiom"]
[Black "Kamilov, Dmitry"]
[Result "0-1"]
[ECO "A48"]
[WhiteElo "1784"]
[BlackElo "1990"]
[Annotator "NA"]
[PlyCount "110"]
[EventDate "2019.08.02"]
[EventType "swiss"]
[EventCountry "SVK"]
[SourceTitle "playchess.com"]
[Source "ChessBase"]
[SourceQuality "1"]
[TimeControl "40/5400+30:1800+30"]

1. d4 Nf6 2. Nf3 g6 3. c4 d6 4. Nc3 Bf5 5. Bf4 Bg7 6. e3 Nh5 7. Bg3 Nxg3 8. hxg3 O-O 9. Be2 Nc6 10. O-O e5 11. d5 Ne7 12. Nd2 Bd7 13. b4 f5 14. c5 f4 15. Nc4 fxg3 16. fxg3 Nf5 17. Ne4 b5 18. cxb6 axb6 19. Qb3 h5 20. Rf3 h4 21. Raf1 hxg3 22. Nxg3 Nxg3 23. Rxg3 Qh4 24. e4 Qxe4 25. Re3 Rxf1+ 26. Kxf1 Qxd5 27. Qc2 Bf5 28. Nxb6 Bxc2 29. Nxd5 Rxa2 30. Nxc7 Ra1+ 31. Kf2 e4 32. Bc4+ Kh7 33. Rh3+ Bh6 34. Ne6 e3+ 35. Rxe3 Bxe3+ 36. Kxe3 Ra4 37. Kd2 Rxb4 38. Kc3 Ra4 39. Bd5 Bf5 40. Nd4 Kg7 41. Bf3 Kf6 42. Bc6 Ra1 43. Bf3 Rb1 44. Kc4 Be6+ 45. Kc3 Ra1 46. Kb2 Ra4 47. Kc3 Ra5 48. Kd3 Bd5 49. Bxd5 Rxd5 50. Ke4 Rxd4+ 51. Kxd4 Ke6 52. Ke4 g5 53. Kd4 d5 54. Kd3 Ke5 55. Ke3 g4 0-1

[Event "EYCC Open-U12 2019"]
[Site "Bratislava"]
[Date "2019.08.04"]
[Round "3.24"]
[White "Dudarev, Vladislav"]
[Black "Franc, Borna"]
[Result "1-0"]
[ECO "A22"]
[WhiteElo "2137"]
[BlackElo "1826"]
[Annotator "NA"]
[PlyCount "53"]
[EventDate "2019.08.02"]
[EventType "swiss"]
[EventCountry "SVK"]
[SourceTitle "playchess.com"]
[Source "ChessBase"]
[SourceQuality "1"]
[TimeControl "40/5400+30:1800+30"]

1. c4 e5 2. Nc3 Nf6 3. g3 Nc6 4. Bg2 d6 5. e3 g6 6. Nge2 Bg7 7. O-O O-O 8. d4 exd4 9. Nxd4 Nxd4 10. exd4 c6 11. d5 c5 12. Bg5 h6 13. Bf4 a6 14. a4 Bf5 15. Qd2 Kh7 16. Rfe1 Qc7 17. h3 Rae8 18. Kh2 Rxe1 19. Rxe1 Re8 20. g4 Bd7 21. Rxe8 Nxe8 22. Qe3 Bxc3 23. Qxc3 Bxa4 24. b3 Bd7 25. Bxh6 Kxh6 26. Qh8+ Kg5 27. Kg3 1-0

[Event "EYCC Open-U12 2019"]
[Site "Bratislava"]
[Date "2019.08.04"]
[Round "3.25"]
[White "Gregoric, Andraz"]
[Black "Kanov, Nikola"]
[Result "1/2-1/2"]
[ECO "C60"]
[WhiteElo "1911"]
[BlackElo "1908"]
[Annotator "NA"]
[PlyCount "144"]
[EventDate "2019.08.02"]
[EventType "swiss"]
[EventCountry "SVK"]
[SourceTitle "playchess.com"]
[Source "ChessBase"]
[SourceQuality "1"]
[TimeControl "40/5400+30:1800+30"]

1. e4 e5 2. Nf3 Nc6 3. Bb5 Nge7 4. c3 g6 5. h4 Bg7 6. h5 d5 7. hxg6 hxg6 8. Rxh8+ Bxh8 9. d3 dxe4 10. dxe4 Qxd1+ 11. Kxd1 Bg4 12. Bg5 f6 13. Be3 f5 14. Nbd2 O-O-O 15. Kc2 fxe4 16. Nxe4 Bf5 17. Bd3 Nd5 18. Bd2 a5 19. Re1 Re8 20. a3 Bg7 21. Bg5 Rf8 22. Bd2 Nf6 23. Nxf6 Bxf6 24. Be4 a4 25. Re2 Bg7 26. Bg5 Nb8 27. Nd2 Nd7 28. f3 Bf6 29. Be3 Bg7 30. Bf2 Rh8 31. Bg3 b5 32. Bf2 c6 33. c4 Kc7 34. Bg3 Kb6 35. Kc3 Rh1 36. Re1 Rxe1 37. Bxe1 Bf8 38. g4 Bxe4 39. Nxe4 Bc5 40. Nxc5 Kxc5 41. Bf2+ Kd6 42. cxb5 cxb5 43. Kb4 Kc6 44. Bg3 Nc5 45. Bh2 e4 46. fxe4 Nxe4 47. Bg1 Nf6 48. g5 Nd5+ 49. Ka5 Nf4 50. Kb4 Ne6 51. Be3 Nc7 52. Bg1 Nd5+ 53. Ka5 Nf4 54. Kb4 Nd3+ 55. Kc3 Ne5 56. Kb4 Nc4 57. b3 axb3 58. Kxb3 Nd2+ 59. Kb4 Ne4 60. Be3 Nd6 61. Bc1 Nf7 62. Bf4 Nd8 63. Bd2 Nb7 64. Be3 Nd6 65. Bc1 Nf5 66. Bd2 Nd4 67. Bc1 Kd5 68. Bb2 Ne6 69. Kxb5 Nxg5 70. a4 Nf7 71. Bc1 Nd6+ 72. Kb6 Nc4+ 1/2-1/2

[Event "EYCC Open-U12 2019"]
[Site "Bratislava"]
[Date "2019.08.04"]
[Round "3.26"]
[White "Nastore, Pavel-Alexandru"]
[Black "Gschiel, Alexander"]
[Result "1-0"]
[ECO "E34"]
[WhiteElo "2084"]
[BlackElo "1768"]
[Annotator "NA"]
[PlyCount "63"]
[EventDate "2019.08.02"]
[EventType "swiss"]
[EventCountry "SVK"]
[SourceTitle "playchess.com"]
[Source "ChessBase"]
[SourceQuality "1"]
[TimeControl "40/5400+30:1800+30"]

1. d4 Nf6 2. c4 e6 3. Nc3 Bb4 4. Qc2 d5 5. cxd5 Qxd5 6. e3 O-O 7. Bd2 Bxc3 8. Bxc3 Re8 9. Nf3 Nbd7 10. Be2 c5 11. O-O cxd4 12. Nxd4 e5 13. Nb5 Qc5 14. Rfd1 Nd5 15. Rxd5 Qxd5 16. Nc7 Qc6 17. Nxe8 Nb6 18. Nxg7 Kxg7 19. Bxe5+ f6 20. Bc3 Be6 21. Bf3 Qd7 22. Rd1 Qf7 23. b3 Rc8 24. Qb2 Bf5 25. e4 Be6 26. Qd2 Nd7 27. e5 Nxe5 28. Bxe5 fxe5 29. Qg5+ Kf8 30. Qxe5 Rc2 31. Qh8+ Qg8 32. Qf6+ 1-0

[Event "EYCC Open-U12 2019"]
[Site "Bratislava"]
[Date "2019.08.04"]
[Round "3.27"]
[White "Habans Aguerrea, Javier"]
[Black "Gudmundsson, Gunnar Erik"]
[Result "1-0"]
[ECO "E08"]
[WhiteElo "2083"]
[BlackElo "1746"]
[Annotator "NA"]
[PlyCount "39"]
[EventDate "2019.08.02"]
[EventType "swiss"]
[EventCountry "SVK"]
[SourceTitle "playchess.com"]
[Source "ChessBase"]
[SourceQuality "1"]
[TimeControl "40/5400+30:1800+30"]

1. d4 Nf6 2. c4 e6 3. g3 d5 4. Nf3 Be7 5. Bg2 O-O 6. O-O Nbd7 7. Qc2 Re8 8. Nbd2 c5 9. Rd1 b6 10. e4 dxe4 11. Nxe4 Bb7 12. Nxf6+ Bxf6 13. dxc5 bxc5 14. Ng5 Bxg2 15. Qxh7+ Kf8 16. Kxg2 Bxg5 17. Qh8+ Ke7 18. Bxg5+ Nf6 19. Qxg7 Qd4 20. Rxd4 1-0

[Event "EYCC Open-U12 2019"]
[Site "Bratislava"]
[Date "2019.08.04"]
[Round "3.28"]
[White "Janeczko, Jakub"]
[Black "Mekhane, Adam"]
[Result "1-0"]
[ECO "B62"]
[WhiteElo "1663"]
[BlackElo "2040"]
[Annotator "NA"]
[PlyCount "85"]
[EventDate "2019.08.02"]
[EventType "swiss"]
[EventCountry "SVK"]
[SourceTitle "playchess.com"]
[Source "ChessBase"]
[SourceQuality "1"]
[TimeControl "40/5400+30:1800+30"]

1. e4 c5 2. Nf3 Nc6 3. d4 cxd4 4. Nxd4 Nf6 5. Nc3 d6 6. Bg5 e6 7. Bb5 Bd7 8. Bxc6 bxc6 9. Qf3 Be7 10. e5 Nd5 11. Ne4 Qa5+ 12. Bd2 Qc7 13. exd6 Bxd6 14. Nxd6+ Qxd6 15. O-O c5 16. Nb3 c4 17. Na5 Qc7 18. Qg4 O-O 19. Bh6 g6 20. Qd4 f6 21. Bxf8 Qxa5 22. Bh6 Rc8 23. Bd2 Qa6 24. Bc3 Bc6 25. Qh4 e5 26. Rfe1 Bb7 27. f3 Qe6 28. Qf2 a6 29. Rad1 Nf4 30. Bd2 Nd5 31. f4 Rf8 32. Qe2 Qc6 33. fxe5 fxe5 34. Qe4 Qb6+ 35. Be3 Nxe3 36. Qxe3 Qxb2 37. Rb1 Qxa2 38. Rxb7 Qxc2 39. Qa7 g5 40. Rg7+ Kh8 41. Rf7 Rg8 42. Qe7 Qf2+ 43. Kxf2 1-0

[Event "EYCC Open-U12 2019"]
[Site "Bratislava"]
[Date "2019.08.04"]
[Round "3.29"]
[White "Cherneyko, Ivan"]
[Black "Meers, Hubert"]
[Result "0-1"]
[ECO "E94"]
[WhiteElo "1743"]
[BlackElo "2141"]
[Annotator "NA"]
[PlyCount "38"]
[EventDate "2019.08.02"]
[EventType "swiss"]
[EventCountry "SVK"]
[SourceTitle "playchess.com"]
[Source "ChessBase"]
[SourceQuality "1"]
[TimeControl "40/5400+30:1800+30"]

1. d4 Nf6 2. c4 g6 3. Nc3 Bg7 4. e4 d6 5. Nf3 O-O 6. Be2 e5 7. O-O exd4 8. Nxd4 Re8 9. f3 c6 10. Bg5 Qb6 11. Na4 Qa5 12. Bd2 Qc7 13. Be1 Nh5 14. Qd2 d5 15. cxd5 Nf4 16. Bf2 cxd5 17. Nb5 Qe5 18. Bd4 Qg5 19. Qxf4 Bxd4+ 0-1

[Event "EYCC Open-U12 2019"]
[Site "Bratislava"]
[Date "2019.08.04"]
[Round "3.30"]
[White "Soderstrom, Adrian"]
[Black "Ivanov, Svetlen"]
[Result "1-0"]
[ECO "B40"]
[WhiteElo "1970"]
[BlackElo "1717"]
[Annotator "NA"]
[PlyCount "57"]
[EventDate "2019.08.02"]
[EventType "swiss"]
[EventCountry "SVK"]
[SourceTitle "playchess.com"]
[Source "ChessBase"]
[SourceQuality "1"]
[TimeControl "40/5400+30:1800+30"]

1. e4 c5 2. Nf3 e6 3. c3 Nf6 4. e5 Nd5 5. d4 cxd4 6. cxd4 Be7 7. Bc4 d6 8. O-O O-O 9. exd6 Bxd6 10. Nc3 Nxc3 11. bxc3 Qa5 12. Bd2 Bd7 13. Re1 Qh5 14. Qc2 Bc6 15. Ne5 Nd7 16. Be2 Qh4 17. g3 Qd8 18. Nxc6 bxc6 19. Qe4 Qc7 20. Bd3 Nf6 21. Qh4 Be7 22. Bg5 h6 23. Bxh6 gxh6 24. Qxh6 Rfd8 25. Re5 Rd5 26. Rae1 Bd8 27. c4 Rxe5 28. dxe5 Nd7 29. Bh7+ 1-0

[Event "EYCC Open-U12 2019"]
[Site "Bratislava"]
[Date "2019.08.04"]
[Round "3.31"]
[White "Herwy, Jakub"]
[Black "Cohen, Elad"]
[Result "0-1"]
[ECO "C24"]
[WhiteElo "1685"]
[BlackElo "2002"]
[Annotator "NA"]
[PlyCount "90"]
[EventDate "2019.08.02"]
[EventType "swiss"]
[EventCountry "SVK"]
[SourceTitle "playchess.com"]
[Source "ChessBase"]
[SourceQuality "1"]
[TimeControl "40/5400+30:1800+30"]

1. e4 e5 2. Bc4 Nf6 3. d3 Nc6 4. Nc3 Bb4 5. Nge2 d5 6. exd5 Nxd5 7. O-O Be6 8. Bxd5 Bxd5 9. Be3 O-O 10. a3 Bxc3 11. Nxc3 Ne7 12. Bc5 Bc6 13. Qe2 b6 14. Bxe7 Qxe7 15. d4 Rfe8 16. Rae1 e4 17. d5 Bd7 18. Nxe4 f5 19. Nc3 Qxe2 20. Rxe2 Rxe2 21. Nxe2 Bb5 22. Nd4 Bxf1 23. Kxf1 Kf7 24. Nxf5 Kf6 25. Nd4 Ke5 26. Ne6 Rg8 27. Nxc7 Rc8 28. Nb5 Rxc2 29. b4 a6 30. Na7 Kxd5 31. b5 a5 32. h4 Rc3 33. h5 Rxa3 34. Nc8 Kc5 35. g4 Kxb5 36. Nd6+ Kc6 37. Nf5 b5 38. Ke2 b4 39. Kd1 Ra1+ 40. Kc2 a4 41. Nxg7 b3+ 42. Kb2 Ra2+ 43. Kb1 Rxf2 44. Ne6 Kd5 45. Nc7+ Kc4 0-1

[Event "EYCC Open-U12 2019"]
[Site "Bratislava"]
[Date "2019.08.04"]
[Round "3.32"]
[White "De Winter, Arthur"]
[Black "Andreev, Konstantin"]
[Result "1-0"]
[ECO "B34"]
[WhiteElo "1859"]
[BlackElo "2271"]
[Annotator "NA"]
[PlyCount "159"]
[EventDate "2019.08.02"]
[EventType "swiss"]
[EventCountry "SVK"]
[SourceTitle "playchess.com"]
[Source "ChessBase"]
[SourceQuality "1"]
[TimeControl "40/5400+30:1800+30"]

1. e4 c5 2. Nf3 Nc6 3. d4 cxd4 4. Nxd4 Nf6 5. Nc3 e5 6. Ndb5 d6 7. Nd5 Nxd5 8. exd5 Nb8 9. a4 a6 10. Na3 Be7 11. Be2 O-O 12. O-O f5 13. Nc4 Nd7 14. f4 e4 15. Be3 Qc7 16. a5 h6 17. Qd2 Bf6 18. Qb4 Be7 19. Rfd1 Rb8 20. Kh1 Nc5 21. Bxc5 dxc5 22. Qd2 Bd6 23. Nxd6 Qxd6 24. Qe3 Bd7 25. Ra3 Rfc8 26. Rb3 c4 27. Rb6 Qc5 28. Qc3 Bb5 29. Qe5 Qf8 30. Bh5 Be8 31. Be2 Bb5 32. d6 Rd8 33. Bh5 Be8 34. Qd5+ Bf7 35. Qxf5 Bxh5 36. Qxh5 Qxf4 37. Qd5+ Kh8 38. Qxc4 Rbc8 39. Qe2 Rc6 40. Rxc6 bxc6 41. d7 e3 42. Qxa6 Qe4 43. Qe2 Qe6 44. h3 Rxd7 45. Rxd7 Qxd7 46. Qxe3 Qf7 47. Qf3 Qc4 48. Qf8+ Kh7 49. Qf5+ Kh8 50. c3 Qb3 51. Qc8+ Kh7 52. Qxc6 Qxb2 53. Qe4+ Kh8 54. Qe5 Qf2 55. Qb8+ Kh7 56. Qb1+ Kh8 57. Qa1 Qa7 58. a6 g5 59. c4+ Kg8 60. c5 g4 61. hxg4 h5 62. c6 hxg4 63. c7 Qc5 64. Qa2+ Kf8 65. a7 Qc1+ 66. Kh2 Qh6+ 67. Kg3 Qe3+ 68. Kxg4 Qe4+ 69. Kh3 Qh7+ 70. Kg3 Qxc7+ 71. Kf3 Qc3+ 72. Ke2 Qe5+ 73. Kf1 Qb5+ 74. Kg1 Kg7 75. a8=Q Qc5+ 76. Kf1 Qb5+ 77. Qe2 Qf5+ 78. Qaf3 Qb1+ 79. Qd1 Qb5+ 80. Qfd3 1-0

[Event "EYCC Open-U12 2019"]
[Site "Bratislava"]
[Date "2019.08.04"]
[Round "3.33"]
[White "Stevik, Patrik"]
[Black "Lavrencic, Matic"]
[Result "1/2-1/2"]
[ECO "B32"]
[WhiteElo "1941"]
[BlackElo "1564"]
[Annotator "NA"]
[PlyCount "118"]
[EventDate "2019.08.02"]
[EventType "swiss"]
[EventCountry "SVK"]
[SourceTitle "playchess.com"]
[Source "ChessBase"]
[SourceQuality "1"]
[TimeControl "40/5400+30:1800+30"]

1. e4 c5 2. Nf3 Nc6 3. d4 cxd4 4. Nxd4 e5 5. Nb5 d6 6. N1c3 a6 7. Na3 Be7 8. Nd5 Nf6 9. Nxf6+ Bxf6 10. Be3 O-O 11. Nc4 b5 12. Qxd6 Qxd6 13. Nxd6 Rd8 14. Nxc8 Raxc8 15. c3 Rd7 16. Be2 Rb8 17. O-O Rbd8 18. a4 Rb8 19. axb5 axb5 20. Ra6 Rc7 21. Bb6 Rcb7 22. Bc5 Nd8 23. g3 Ne6 24. Be3 b4 25. h4 bxc3 26. bxc3 Rc7 27. Ra3 Rbc8 28. c4 Be7 29. Rc3 Rb8 30. Rd1 Bc5 31. Bxc5 Rxc5 32. Rd5 Rbc8 33. Ra3 g6 34. h5 Nd4 35. Bg4 f5 36. exf5 gxf5 37. Bh3 Rxd5 38. cxd5 Kg7 39. Ra6 Rd8 40. Bg2 e4 41. h6+ Kf7 42. g4 Rxd5 43. gxf5 Re5 44. Ra7+ Kg8 45. f6 Nf5 46. Bh3 Nxh6 47. Rg7+ Kf8 48. Rxh7 Nf7 49. Bc8 Rg5+ 50. Kf1 Rg6 51. Rh4 Nd6 52. Bd7 Rxf6 53. Ke2 Ke7 54. Bh3 Rg6 55. Rf4 Kd8 56. Ke3 Kc7 57. Kd4 Kc6 58. Ke5 Kc5 59. Bf5 Rg5 {[%emt 0:00:09] Kxe4} 1/2-1/2

[Event "EYCC Open-U12 2019"]
[Site "Bratislava"]
[Date "2019.08.04"]
[Round "3.34"]
[White "Bunic, Emanuel"]
[Black "Uritsky, Yonathan"]
[Result "0-1"]
[ECO "D71"]
[WhiteElo "1718"]
[BlackElo "2040"]
[Annotator "NA"]
[PlyCount "114"]
[EventDate "2019.08.02"]
[EventType "swiss"]
[EventCountry "SVK"]
[SourceTitle "playchess.com"]
[Source "ChessBase"]
[SourceQuality "1"]
[TimeControl "40/5400+30:1800+30"]

1. d4 Nf6 2. c4 g6 3. g3 c5 4. Nf3 cxd4 5. Nxd4 Bg7 6. Bg2 O-O 7. O-O Nc6 8. e3 d6 9. Nc3 Bd7 10. b3 Qa5 11. Bb2 Rac8 12. Re1 Bg4 13. Qd2 Qh5 14. Nxc6 bxc6 15. Ne2 e5 16. f4 e4 17. Nc3 Bf3 18. h3 d5 19. Qf2 Bg4 20. Qf1 Be6 21. cxd5 cxd5 22. Rec1 Nd7 23. Na4 Bxb2 24. Nxb2 Nc5 25. g4 Qh4 26. b4 Qf6 27. Qe2 Na6 28. a3 Bd7 29. Rab1 Qb6 30. Bf1 Nc7 31. Qd2 Ne6 32. Kg2 d4 33. Nc4 Qb8 34. Ne5 Rcd8 35. Bc4 Qb6 36. exd4 Bc8 37. Bxe6 Bxe6 38. Rc5 Bd5 39. Qe3 Qe6 40. Rbc1 Rc8 41. g5 Rxc5 42. Rxc5 Bb7 43. Ng4 Rd8 44. Kg3 Kg7 45. Qc3 Bd5 46. Rc7 Qa6 47. Qe3 Qd3 48. Kf2 Be6 49. Ne5 Qd1 50. Rxa7 Rxd4 51. Rc7 Rd2+ 52. Kg3 Re2 53. Qc3 Qg1+ 54. Kh4 Qf2+ 55. Qg3 Re3 56. Rxf7+ Kg8 57. Nf3 Rxf3 0-1